 Dungeon Crawl Stone Soup version 0.25.0-1-g7eea58d (webtiles) character file.

Game seed: 17502056819988760613

308 Flamabang the Charmwright (level 6, -3/50 HPs)
             Began as a Gnoll Skald on June 15, 2020.
             Slain by a mummy (6 damage)
             ... on level 4 of the Dungeon.
             The game lasted 00:11:41 (3868 turns).

Flamabang the Charmwright (Gnoll Skald)             Turns: 3868, Time: 00:11:41

Health: -3/50      AC:  4    Str: 15    XL:     6   Next: 40%
Magic:  8/14       EV: 14    Int: 15    God:
Gold:   132        SH:  0    Dex: 15    Spells: 4/15 levels left

rFire    . . .     SeeInvis .   a - +0 spear
rCold    . . .     Gourm    .   (no shield)
rNeg     . . .     Faith    .   b - +0 leather armour
rPois    .         Spirit   .   g - +0 helmet
rElec    .         Reflect  .   (no cloak)
rCorr    .         Harm     .   (no gloves)
MR       .....                  (no boots)
Stlth    ++........             (no amulet)
HPRegen  0.16/turn              (no ring)
MPRegen  0.14/turn              (no ring)

@: infused
A: distributed training, fangs 1, strong nose
a: no special abilities


You were on level 4 of the Dungeon.
You were not hungry.

You visited 1 branch of the dungeon, and saw 4 of its levels.

You collected 132 gold pieces.

Inventory:

Hand Weapons
 a - a +0 spear (weapon)
Missiles
 c - 5 silver javelins (quivered)
 s - 4 boomerangs of dispersal
 w - 13 poisoned darts
Armour
 b - a +0 leather armour (worn)
 g - a +0 helmet (worn)
 p - a cursed +0 robe
Jewellery
 f - a cursed amulet of inaccuracy {unknown}
 u - an uncursed ring of protection from cold {unknown}
Scrolls
 e - 2 scrolls of immolation {unknown}
 h - a scroll of identify {unknown}
 i - 2 scrolls of teleportation
 j - a scroll of fear {unknown}
 k - a scroll of enchant weapon {unknown}
 n - a scroll of enchant armour {unknown}
 t - 2 scrolls of magic mapping {unknown}
Potions
 l - 2 potions of degeneration {unknown}
 m - a potion of stabbing {unknown}
 o - 2 potions of lignification
 q - a potion of curing {unknown}
 r - 2 potions of heal wounds {unknown}
 v - a potion of brilliance {unknown}
 x - a potion of berserk rage {unknown}
Comestibles
 d - 7 rations


   Skills:
 + Level 4.9 Fighting
 + Level 1.9 Short Blades
 + Level 1.9 Long Blades
 + Level 1.9 Axes
 + Level 1.9 Maces & Flails
 + Level 4.9 Polearms
 + Level 1.9 Staves
 + Level 1.9 Slings
 + Level 1.9 Bows
 + Level 1.9 Crossbows
 + Level 1.9 Throwing
 + Level 3.2 Armour
 + Level 4.9 Dodging
 + Level 1.9 Stealth
 + Level 1.9 Shields
 + Level 1.9 Unarmed Combat
 + Level 5.3 Spellcasting
 + Level 1.5 Conjurations
 + Level 1.5 Hexes
 + Level 5.6 Charms
 + Level 1.5 Summonings
 + Level 1.5 Necromancy
 + Level 1.5 Translocations
 + Level 1.5 Transmutations
 + Level 1.5 Fire Magic
 + Level 1.5 Ice Magic
 + Level 1.5 Air Magic
 + Level 1.5 Earth Magic
 + Level 1.5 Poison Magic
 + Level 2.1 Invocations
 + Level 1.9 Evocations


You had 4 spell levels left.
You knew the following spells:

 Your Spells              Type           Power        Failure   Level  Hunger
a - Infusion              Chrm           ###.         1%          1    None
b - Song of Slaying       Chrm           ###.....     2%          2    #......
c - Shroud of Golubria    Chrm/Tloc      ##....       7%          2    #......
d - Ozocubu's Armour      Chrm/Ice       ##......     13%         3    ###....
e - Spectral Weapon       Hex/Chrm       ##......     13%         3    ###....

Your spell library contained the following spells:

 Spells                   Type           Power        Failure   Level  Hunger


Dungeon Overview and Level Annotations

Branches:
Dungeon (4/15)
 Temple: D:4-7

Altars:
Nemelex Xobeh

Portals:
Ossuary: D:4


Innate Abilities, Weirdness & Mutations

Your experience applies equally to all skills.
You have very sharp teeth.
Your uncanny sense of smell can sniff out nearby items.


Message History

The orc shouts!
An orc wizard comes into view. It is wielding a +1 vampiric dagger.
You feel sick.
The orc wizard moves out of view.
You open the door.
A mummy comes into view.
Found a sand-covered staircase.
There is an open door here.
The mummy hits you!
* * * LOW HITPOINT WARNING * * *
There isn't anything here!
Casting: Shroud of Golubria (safe; 7% risk of failure)
Confirm with . or Enter, or press ? or * to list all spells.
Space distorts slightly along a thin shroud covering your body.
You feel sick.
You are no longer poisoned.
Casting: Shroud of Golubria (safe; 7% risk of failure)
Confirm with . or Enter, or press ? or * to list all spells.
You begin infusing your attacks with magical energy.
The mummy hits you.
You die...

....... #.......
.........####†......
##
##....#........######
o. ..#..#........# #
.. ..##..........# +
#. #.###.........#∆ #
##o##.#.##..#.....#
###
+.....#..##.......#
#..
#.....'@M∩##......#
#..
#.....#..##.......#
#..
#.....#.##..#.....#
#..
##.##.###..##.....#
###
###.##.##..#.......#
#......#...#.......#
∆
#..........#.......#
#..........#.....).#
############......


You could see a mummy and an orc.

Vanquished Creatures
  A water moccasin skeleton (D:4)
  A scorpion (D:4)
  A bullfrog skeleton (D:4)
  2 orc wizards (D:4)
  3 adders
  An adder skeleton (D:2)
  4 worms
  4 dart slugs
  A leopard gecko (D:1)
  2 orcs (D:4)
  5 ball pythons
  5 bats
  6 giant cockroaches
  5 goblins
  5 hobgoblins
  4 jackals (D:2)
  8 kobolds
  2 quokkas
  8 frilled lizards
  8 rats
76 creatures vanquished.

Vanquished Creatures (others)
  A spectral weapon (D:3)
1 creature vanquished.

Grand Total: 77 creatures vanquished

Notes
Turn   | Place    | Note
-------+----------+-------------------------------------------
     0 | D:1      | Flamabang the Gnoll Skald began the quest for the Orb.
     0 | D:1      | Reached XP level 1. HP: 20/20 MP: 6/6
   176 | D:1      | Reached XP level 2. HP: 26/26 MP: 7/7
   180 | D:1      | Learned a level 2 spell: Song of Slaying
   183 | D:1      | Learned a level 2 spell: Shroud of Golubria
   630 | D:1      | Reached XP level 3. HP: 31/31 MP: 9/9
   635 | D:1      | Learned a level 3 spell: Ozocubu's Armour
   639 | D:1      | Learned a level 3 spell: Spectral Weapon
   678 | D:1      | Reached skill level 5 in Spellcasting
  1254 | D:2      | Reached skill level 1 in Invocations
  1483 | D:2      | Reached skill level 1 in Short Blades
  1483 | D:2      | Reached skill level 1 in Long Blades
  1483 | D:2      | Reached skill level 1 in Axes
  1483 | D:2      | Reached skill level 1 in Maces & Flails
  1483 | D:2      | Reached skill level 1 in Staves
  1483 | D:2      | Reached skill level 1 in Slings
  1483 | D:2      | Reached skill level 1 in Bows
  1483 | D:2      | Reached skill level 1 in Crossbows
  1483 | D:2      | Reached skill level 1 in Throwing
  1483 | D:2      | Reached skill level 1 in Stealth
  1483 | D:2      | Reached skill level 1 in Shields
  1483 | D:2      | Reached skill level 1 in Unarmed Combat
  1483 | D:2      | Reached skill level 1 in Evocations
  2129 | D:2      | Reached XP level 4. HP: 36/38 MP: 11/11
  2654 | D:3      | Noticed an ogre
  2890 | D:3      | Reached skill level 1 in Conjurations
  2890 | D:3      | Reached skill level 1 in Hexes
  2890 | D:3      | Reached skill level 1 in Summonings
  2890 | D:3      | Reached skill level 1 in Necromancy
  2890 | D:3      | Reached skill level 1 in Translocations
  2890 | D:3      | Reached skill level 1 in Transmutations
  2890 | D:3      | Reached skill level 1 in Fire Magic
  2890 | D:3      | Reached skill level 1 in Ice Magic
  2890 | D:3      | Reached skill level 1 in Air Magic
  2890 | D:3      | Reached skill level 1 in Earth Magic
  2890 | D:3      | Reached skill level 1 in Poison Magic
  3168 | D:3      | Found a sparkling altar of Nemelex Xobeh.
  3346 | D:4      | Reached XP level 5. HP: 43/43 MP: 12/12
  3602 | D:4      | Reached XP level 6. HP: 22/50 MP: 5/13
  3864 | D:4      | Found a sand-covered staircase.
  3868 | D:4      | Slain by a mummy

Illustrated notes

Levels and vault maps discovered:
D:1:      matt_arrival_diagonals, layout_basic, corexii_corridor_pit
D:2:      layout_basic, first_ration
D:3:      minmay_evil_eye, layout_rooms, marbit_many_paths
D:4:      layout_gridville, serial_shops, nicolae_shop_stone,
          gup_ossuary_entry_pyramid, xom_teletrap_fun

Skill      XL: |  1  2  3  4  5  6 |
---------------+-------------------+-----
Spellcasting   | 5 |  5.3
Invocations    | 1 2 |  2.1
Short Blades   | 1 |  1.9
Long Blades    | 1 |  1.9
Axes           | 1 |  1.9
Maces & Flails | 1 |  1.9
Staves         | 1 |  1.9
Slings         | 1 |  1.9
Bows           | 1 |  1.9
Crossbows      | 1 |  1.9
Throwing       | 1 |  1.9
Stealth        | 1 |  1.9
Shields        | 1 |  1.9
Unarmed Combat | 1 |  1.9
Evocations     | 1 |  1.9
Conjurations   | 1 |  1.5
Hexes          | 1 |  1.5
Summonings     | 1 |  1.5
Necromancy     | 1 |  1.5
Translocations | 1 |  1.5
Transmutations | 1 |  1.5
Fire Magic     | 1 |  1.5
Ice Magic      | 1 |  1.5
Air Magic      | 1 |  1.5
Earth Magic    | 1 |  1.5
Poison Magic   | 1 |  1.5
Armour         | 3 |  3.2
Fighting       | |  4.9
Polearms       | |  4.9
Dodging        | |  4.9
Charms         | |  5.6

Action                   |  1- 3 |  4- 6 || total
-------------------------+-------+-------++-------
Melee: Spear             |   131 |   160 ||   291
       Bite              |    12 |    17 ||    29
       Punch             |       |     2 ||     2
Throw: Javelin           |       |     2 ||     2
 Cast: Song of Slaying   |     2 |     2 ||     4
       Shroud of Golubri |     1 |     4 ||     5
       Infusion          |       |     6 ||     6
       Spectral Weapon   |       |     1 ||     1
  Use: Scroll            |       |     2 ||     2
       Potion            |       |     1 ||     1
 Stab: Distracted        |       |     1 ||     1
       Sleeping          |       |     1 ||     1
  Eat: Chunk             |     3 |     7 ||    10
Armor: Leather armour    |    12 |    24 ||    36
       Skin              |       |     8 ||     8
Dodge: Dodged            |    53 |    98 ||   151
